AoeStats
← AVCI

Nomad

508043960Analyzed
3v3 RM · 13d ago on Sep 20, 2026· 37m 48s· 6 players
Game mode
Random Map
Map size
210×210
Population
200
Speed
Normal
Resources
Standard
Victory
Conquest
Starting age
Dark Age
Ending age
Imperial Age
RankedLock teamsTeams togetherTeam positionsShared explorationLock speedFull tech treeHidden civsTurbo modeCheats
Victory
Defeat
🇭🇺 Spanish · Hungary
1732
+7
🇭🇺 Koreans · Hungary
1691
+8
🇭🇺 Wu · Hungary
1606
+11
🇹🇷 Persians · Türkiye
1593
-12
🇹🇷 Spanish · Türkiye
1453
-7
🇹🇷 Sicilians · Türkiye
1452
-7
[JA] Salytmacska
9:19 Loom
12:17 Feudal Age
13:15 Gold Mining
13:10 Double-Bit Axe
17:38 Fletching
22:07 Forging
27:27 Castle Age
28:25 Medium Warships
28:35 Fishing Lines
32:34 Gillnets
32:39 Horse Collar
33:12 Bow Saw
33:04 Stone Mining
35:42 Wheelbarrow
38:59 Imperial Age
[JA]GyoreE
5:35 Loom
13:50 Feudal Age
18:40 Castle Age
[JA]adaaaam
5:34 Loom
13:03 Feudal Age
16:43 Castle Age
17:24 Double-Bit Axe
17:33 Fishing Lines
21:00 Bow Saw
21:18 Horse Collar
22:28 Heavy Plow
23:49 Town Watch
26:49 Wheelbarrow
26:35 Padded Archer Armor
26:28 Gold Mining
28:14 Hand Cart
29:06 Leather Archer Armor
29:44 Stone Mining
30:09 Bloodlines
30:15 Husbandry
30:43 Fletching
35:32 Imperial Age
33:39 Bodkin Arrow
34:04 Ballistics
37:25 Two-Man Saw
37:00 Ring Archer Armor
36:51 Bracer
37:04 Masonry
37:54 Chemistry
38:19 Architecture
38:08 Murder Holes
AVCI
13:19 Feudal Age
12:46 Loom
18:32 Castle Age
19:19 Medium Warships
19:26 Double-Bit Axe
21:03 Wheelbarrow
22:16 Fletching
23:35 Bodkin Arrow
37:36 Horse Collar
38:07 Bow Saw
The_ropztr
3:22 Loom
13:38 Feudal Age
19:30 Castle Age
Kean
5:11 Loom
13:03 Feudal Age
14:03 Double-Bit Axe
19:34 Fletching
22:35 Castle Age
21:29 Gold Mining
21:30 Stone Mining
21:25 Horse Collar
22:39 Wheelbarrow
22:54 Town Watch
23:31 Bow Saw
25:34 Forging
25:24 Scale Mail Armor
26:36 Bodkin Arrow
31:04 Wheelbarrow
31:46 Sanctity
33:42 Ballistics
33:35 Scale Mail Armor
Connection lost

Rejoining the realm…

Still unreachable

The connection could not be restored.

Session expired

The server has moved on; the page needs a fresh start.